 Dungeon Crawl Stone Soup version 0.30-a0-339-g89bb51ec76 (webtiles) character file.

Game seed: 2317631686881420309

39 Muataran the Chopper (level 3, -3/33 HPs)
             Began as a Hill Orc Monk on Oct 31, 2022.
             Slain by a kobold
             ... wielding a +1 short sword of electrocution
              (13 damage)
             ... on level 1 of the Dungeon.
             The game lasted 00:01:25 (857 turns).

Muataran the Chopper (Hill Orc Monk)                 Turns: 857, Time: 00:01:26

Health: -3/33      AC:  2    Str: 15    XL:     3   Next: 45%
Magic:  3/3        EV: 12    Int: 10    God:
Gold:   34         SH:  0    Dex: 13    Spells: 2/2 levels left

rFire   . . .      SeeInvis .    a - +0 hand axe
rCold   . . .      Faith    .    (no shield)
rNeg    . . .      Spirit   .    b - +0 robe
rPois   .          Reflect  .    (no helmet)
rElec   .          Harm     .    (no cloak)
rCorr   .          Rampage  .    (no gloves)
Will    .....                    (no boots)
Stlth   ++........               (no amulet)
HPRegen 0.25/turn                (no ring)
MPRegen 0.08/turn                (no ring)

@: no status effects
A: no striking features
a: no special abilities


You were on level 1 of the Dungeon.
You visited 1 branch of the dungeon, and saw 1 of its levels.

You collected 34 gold pieces.

Inventory:

Hand Weapons
 a - a +0 hand axe (weapon)
Armour
 b - a +0 robe (worn)
Jewellery
 h - a ring of protection from cold
 m - a ring of resist corrosion
Scrolls
 d - 4 scrolls of identify {unknown}
 e - a scroll of torment {unknown}
 f - a scroll of enchant weapon {unknown}
 g - a scroll of poison {unknown}
 j - a scroll of acquirement {unknown}
 k - a scroll of blinking {unknown}
Potions
 c - a potion of ambrosia
 i - a potion of curing {unknown}
 l - 2 potions of degeneration {unknown}
 n - a potion of resistance {unknown}


   Skills:
 + Level 4.1 Fighting
 * Level 5.0 Axes
 + Level 2.7 Dodging
 - Level 1.5 Stealth


You had 2 spell levels left.
You didn't know any spells.
Your spell library contained the following spells:

 Spells                   Type           Power      Damage    Failure   Level
 Magic Dart               Conj           0%         1d3       36%         1
 Call Imp                 Summ           0%         N/A       50%         2
 Dazzling Flash           Conj/Hex       0%         N/A       75%         3
 Mephitic Cloud           Conj/Pois/Air  0%         N/A       75%         3
 Agony                    Necr           0%         N/A       100%        5
 Silence                  Hex/Air        0%         N/A       100%        5


Dungeon Overview and Level Annotations

Branches:
Dungeon (1/15)

Altars:


Message History

You pick up a book of Minor Magic and begin reading...
You add the spells Magic Dart, Call Imp and Mephitic Cloud to your library.
Found a spear.
You see here a +0 spear.
A rat comes into view.
A rat is nearby!
The rat barely misses you.
You barely miss the rat. The rat closely misses you.
You hit the rat.
The rat is severely wounded.
The rat barely misses you.
You hit the rat but do no damage.
The rat is severely wounded.
The rat closely misses you. x2
You hit the rat.
You kill the rat!
No target in view!
No target in view!
n - a red potion A bat comes into view.
A bat is nearby!
A kobold comes into view.
It is wielding a +1 short sword of electrocution.
The bat hits you but does no damage. The bat barely misses you.
The bat hits you but does no damage.
You completely miss the bat. The bat hits you. x2
You barely miss the bat. The bat hits you but does no damage. x2
You hit the bat.
You kill the bat!
You hit the kobold but do no damage.
The kobold hits you with a +1 short sword of electrocution.
You are electrocuted!
You barely miss the kobold.
The kobold hits you with a +1 short sword of electrocution.
You are electrocuted!
You are too injured to fight recklessly!
You are too injured to fight recklessly!
You hit the kobold but do no damage.
The kobold hits you with a +1 short sword of electrocution.
You are electrocuted!
You die...

#.#
#..##.####...##
#..# #.#
#..........#..#
#..# ..#
#.###.####....#
#..#
############.#
#.# ##.#.# #..#
# #..........#
#.# #.#.####..#
###.##########
#.# #.#.......#
..# #.#
#.........#
..♣♣♣ #.#
#.#########
....♣♣ #@# #.#
.....♣♣ #K#
#.### .♣....♣
#.# #...####
⌠.....♣ #.#
###.##.##
.♣....♣### #.#
#.....#
.....♣♣..# #.#
####.## ....♣♣
#.# #.# #.#
♣♣♣♣♣ #.# #.#
#.# #.## #.#
#.#


You could see a kobold.

Vanquished Creatures
  A gnoll (D:1)
  2 endoplasms (D:1)
  2 giant cockroaches (D:1)
  2 goblins (D:1)
  3 hobgoblins (D:1)
  2 jackals (D:1)
  A quokka (D:1)
  4 ball pythons (D:1)
  A bat (D:1)
  4 frilled lizards (D:1)
  3 kobolds (D:1)
  4 rats (D:1)
29 creatures vanquished.

Notes
Turn   | Place    | Note
-------+----------+-------------------------------------------
     0 | D:1      | Muataran the Hill Orc Monk began the quest for the Orb.
     0 | D:1      | Reached XP level 1. HP: 19/19 MP: 1/1
   111 | D:1      | Reached XP level 2. HP: 27/27 MP: 2/2
   440 | D:1      | Reached XP level 3. HP: 31/33 MP: 3/3
   508 | D:1      | Reached skill level 5 in Axes
   857 | D:1      | Slain by a kobold

Illustrated notes

Levels and vault maps discovered:
D:1:      amcnicky_arrival_underground_garden, layout_loops_ring

Skill      XL: |  1  2  3 |
---------------+----------+-----
Fighting       | 4 |  4.1
Axes           | 5 |  5.0
Dodging        | |  2.7
Stealth        | |  1.5

Action                   || total
-------------------------++-------
Melee: Hand axe          ||   116
 Stab: Sleeping          ||     3
Armor: Robe              ||    20
Dodge: Dodged            ||    70

Table legend: (Time is in decaauts)
 A = Elapsed time spent in this place.
 B = Non-inter-level travel time spent in this place.
 C = Inter-level travel time spent in this place.
 D = Time resting spent in this place.
 E = Time spent auto-exploring this place.
 F = Levels seen in this place.
 G = Mean time per level.
                   A        B        C        D        E       F      G
               +--------+--------+--------+--------+--------+-----+--------+
         Total |    865 |    865 |      0 |     24 |    627 |   1 |  865.0 |
       Dungeon |    865 |    865 |      0 |     24 |    627 |   1 |  865.0 |
               +--------+--------+--------+--------+--------+-----+--------+

Top non-repeatable levels by time:
     D:1: 865 daAuts
